[Event "Late-Titled-Tuesday-Blitz-May-14-2024"]
[Site "Chess.com"]
[Date "2024.05.14"]
[Round "9"]
[White "Oleksandr_Bortnyk"]
[Black "Kacparov"]
[Result "1-0"]
[WhiteElo "3060"]
[BlackElo "2926"]
[TimeControl "180+1"]
[EndTime "15:42:07 PDT"]
[Termination "Oleksandr_Bortnyk won by resignation"]

1. e4 c5 2. Be2 Nc6 3. d3 g6 4. f4 Bg7 5. Nf3 d6 6. c3 Nh6 7. O-O f5 8. Qb3 Nf7 9. Be3 Qb6 10. Qc2 O-O 11. Nbd2 Qc7 12. Rac1 e5 13. Qb3 Kh8 14.
d4 cxd4 15. cxd4 exd4 16. Nxd4 Nxd4 17. Rxc7 Nxb3 18. axb3 fxe4 19. Nxe4 Bf5 20. Ng3 Rae8 21. Bxa7 Bc8 22. Bb5 Rd8 23. Re1 Bf6 24. Bb6 Nh6 25. Ne4 Bg7 26. Ng5 Nf5 27. Nf7+ Rxf7 28. Rxf7 Rg8 29.
Bc4 Bxb2 30. g4 Nh4 31. Ree7 1-0

[Event "Late-Titled-Tuesday-Blitz-May-14-2024"]
[Site "Chess.com"]
[Date "2024.05.14"]
[Round "9"]
[White "maurovargas01"]
[Black "if_name_main_a"]
[Result "0-1"]
[WhiteElo "1924"]
[BlackElo "2443"]
[TimeControl "180+1"]
[EndTime "15:42:13 PDT"]
[Termination "if_name_main_a won on time"]

1. e4 g6 2. Nc3 Bg7 3. f4 d6 4. Nf3 a6 5. g3 b5 6. Bg2 Bb7 7. d3 Nd7 8. Ne2 Ngf6 9. c3 O-O 10. O-O c5 11. h3 c4 12. e5 cxd3 13. Ned4 dxe5 14.
fxe5 Ne4 15. e6 Ndc5 16. exf7+ Rxf7 17. b4 Nxc3 18. Qe1 Bxd4+ 19. Kh2 N5e4 20. Nxd4 Rxf1 21. Qxf1 Qxd4 22. Bb2 Rf8 23. Qe1 Rf2 24. Rd1 Rxb2 25. Qf1 Qf2 0-1

[Event "Late-Titled-Tuesday-Blitz-May-14-2024"]
[Site "Chess.com"]
[Date "2024.05.14"]
[Round "9"]
[White "klifus"]
[Black "maracayo"]
[Result "0-1"]
[WhiteElo "2154"]
[BlackElo "2362"]
[TimeControl "180+1"]
[EndTime "15:42:14 PDT"]
[Termination "maracayo won by resignation"]

1. Nf3 d6 2. d4 Nf6 3. g3 Nbd7 4.
Bg2 e5 5. O-O Be7 6. b3 c6 7.
Bb2 e4 8. Ne1 d5 9. c4 O-O 10. f3 exf3 11. exf3 dxc4 12. bxc4 Nb6 13. Nd2 Bb4 14. Rc1 Be6 15. c5 Nbd5 16. Nc4 Ba5 17. Rf2 Bc7 18. f4 Ng4 19. Re2 Re8 20. Nf3 b5 21.
Nce5 Nxe5 22. dxe5 Qd7 23. Rd2 Rad8 24. Qe2 Bh3 25.
Rcd1 Bxg2 26. Kxg2 Qg4 27. Nd4 Nxf4+ 28. Kh1 Nxe2 29. Nxe2 Rxd2 30. Rxd2 Qe4+ 0-1

[Event "Late-Titled-Tuesday-Blitz-May-14-2024"]
[Site "Chess.com"]
[Date "2024.05.14"]
[Round "9"]
[White "Javadovvv"]
[Black "ural58"]
[Result "1-0"]
[WhiteElo "2587"]
[BlackElo "2473"]
[TimeControl "180+1"]
[EndTime "15:42:15 PDT"]
[Termination "Javadovvv won by resignation"]

1. d4 d5 2. Nf3 Nc6 3. Bf4 Bg4 4. e3 e6 5. Be2 Bd6 6. Bg3 Nce7 7. Nbd2 Nf5 8. e4 Nxg3 9. hxg3 c6 10. c3 h6 11.
Nh2 Bxe2 12. Qxe2 Qb6 13. Rb1 Ne7 14. e5 Bc7 15. f4 Nf5 16. Qf2 h5 17. Nhf3 O-O-O 18.
Ng5 Rdf8 19. Ndf3 Bd8 20. Kd2 Be7 21. Kc2 c5 22. Rbc1 f6 23. Nh3 Kb8 24. Kb1 Rc8 25.
Rcd1 Qa6 26. Rhe1 Rc6 27. Nh4 Nxh4 28. gxh4 cxd4 29. Qxd4 fxe5 30. Qxe5+ Ka8 31. Qxg7 Re8 32. f5 e5 33. Rxe5 Rc7 34. f6 Qa4 35. Rde1 Qxh4 36. f7 Rec8 37. f8=Q Bxf8 38. Qxc7 1-0

[Event "Late-Titled-Tuesday-Blitz-May-14-2024"]
[Site "Chess.com"]
[Date "2024.05.14"]
[Round "9"]
[White "Statham_01"]
[Black "Anton_Demchenko"]
[Result "1-0"]
[WhiteElo "2647"]
[BlackElo "2841"]
[TimeControl "180+1"]
[EndTime "15:42:21 PDT"]
[Termination "Statham_01 won by checkmate"]

1. e4 e5 2. Nf3 Nc6 3. Bc4 Nf6 4.
d4 exd4 5. O-O Nxe4 6. Nc3 Nxc3 7. bxc3 d5 8. Bb5 Be7 9. Nxd4 Bd7 10. Re1 O-O 11.
Bxc6 bxc6 12. Qh5 Bd6 13. Bg5 f6 14. Bh4 Re8 15. Bg3 Rb8 16. h3 g6 17. Qf3 Kg7 18.
h4 h5 19. Bxd6 cxd6 20. Qg3 Re5 21. f4 Rxe1+ 22. Rxe1 f5 23. Ne6+ Bxe6 24. Rxe6 Kf8 25. Rxg6 Rb1+ 26. Kh2 Qb6 27. Rg8+ Ke7 28. Qg7+ Ke6 29.
Re8# 1-0

[Event "Late-Titled-Tuesday-Blitz-May-14-2024"]
[Site "Chess.com"]
[Date "2024.05.14"]
[Round "9"]
[White "frederiksvane"]
[Black "MarkusRagger"]
[Result "1-0"]
[WhiteElo "2960"]
[BlackElo "2819"]
[TimeControl "180+1"]
[EndTime "15:42:23 PDT"]
[Termination "frederiksvane won on time"]

1. b3 e5 2. Bb2 Nc6 3. c4 g6 4. g3 Bg7 5. Bg2 d6 6. e3 Be6 7. Nc3 Qd7 8. d3 Nge7 9. Nd5 Nd8 10. Nxe7 Qxe7 11. Ne2 Qd7 12. h3 O-O 13. d4 Qc8 14.
Qd2 a5 15. a4 Bd7 16. Rd1 Nc6 17. dxe5 Nxe5 18. Nf4 Re8 19. O-O g5 20. Nh5 f6 21.
f4 Bxh3 22. fxe5 fxe5 23. e4 Qg4 24. Bf3 Qe6 25. Qxg5 Qg6 26. Qxg6 hxg6 27. Nxg7 Kxg7 28. Bg2 Bg4 29. Rd2 Rf8 30. c5 Rxf1+ 31. Bxf1 Be6 32. cxd6 cxd6 33. Rxd6 Bxb3 34. Bxe5+ 1-0

[Event "Late-Titled-Tuesday-Blitz-May-14-2024"]
[Site "Chess.com"]
[Date "2024.05.14"]
[Round "9"]
[White "zacachess"]
[Black "Cambek64"]
[Result "0-1"]
[WhiteElo "2355"]
[BlackElo "2489"]
[TimeControl "180+1"]
[EndTime "15:42:24 PDT"]
[Termination "Cambek64 won on time"]

1. e4 c5 2. Nf3 d6 3. d4 cxd4 4.
Nxd4 Nf6 5. Nc3 a6 6. h3 h5 7. Bg5 e6 8. f4 Nbd7 9. Qf3 Qc7 10. O-O-O b5 11. Bd3 Bb7 12. Rhe1 O-O-O 13. Qe2 e5 14. Nf5 exf4 15. Qf2 g6 16. Nd4 Bh6 17. Qxf4 Bxg5 18.
Qxg5 Qc5 19. Qf4 Qxd4 20. Bxb5 Qe5 21. Qf1 axb5 22. Nxb5 Nb6 23. Re3 Kb8 24. Rb3 Nxe4 25. Nd4 Qc5 26. Rb5 Qc7 27. Qd3 Rhe8 28. Qb3 Nc8 29.
Rd3 Nc5 30. Rc3 Nxb3+ 0-1

[Event "Late-Titled-Tuesday-Blitz-May-14-2024"]
[Site "Chess.com"]
[Date "2024.05.14"]
[Round "9"]
[White "FairChess_on_YouTube"]
[Black "dropstoneDP"]
[Result "1-0"]
[WhiteElo "3078"]
[BlackElo "2959"]
[TimeControl "180+1"]
[EndTime "15:42:25 PDT"]
[Termination "FairChess_on_YouTube won by resignation"]

1. Nf3 Nf6 2. c4 c5 3. Nc3 e6 4. e4 Nc6 5. Be2 d5 6. exd5 exd5 7. d4 cxd4 8. Nxd4 dxc4 9. Nxc6 Qxd1+ 10. Nxd1 bxc6 11.
Bxc4 Bb4+ 12. Bd2 Bxd2+ 13. Kxd2 O-O 14. Ne3 a5 15. Rhd1 Ne4+ 16. Ke1 a4 17. f3 Nc5 18. Rac1 Rb8 19. Rd2 Re8 20. Kf2 Be6 21. Bxe6 Nxe6 22. Rxc6 Rb7 23. Rc4 Reb8 24. Nd1 Rb4 25. Rdc2 Kf8 26.
a3 Rxc4 27. Rxc4 Re8 28. Rxa4 Rd8 29. Ke1 Nd4 30. Ne3 Nb3 31. Rb4 Nc1 32. Rb7 Nd3+ 33. Ke2 Nf4+ 34. Ke1 Nd3+ 35. Ke2 Nf4+ 36. Kf1 g6 37. a4 Rd2 38. a5 Rd6 39. Rb6 Rd3 40.
a6 Rxe3 41. a7 1-0

[Event "Late-Titled-Tuesday-Blitz-May-14-2024"]
[Site "Chess.com"]
[Date "2024.05.14"]
[Round "9"]
[White "Hirna2005"]
[Black "David_ATM"]
[Result "0-1"]
[WhiteElo "2320"]
[BlackElo "2452"]
[TimeControl "180+1"]
[EndTime "15:42:27 PDT"]
[Termination "David_ATM won by resignation"]

1. e4 e5 2. Nf3 Nc6 3. Bc4 Bc5 4. c3 Nf6 5. d3 d6 6. a4 a6 7. O-O Ba7 8. Re1 h6 9. Nbd2 Ne7 10. Qb3 O-O 11. Nh4 b5 12. axb5 axb5 13. Bxb5 Bxf2+ 14. Kxf2 Rxa1 15. Ndf3 Be6 16. Bc4 Bxc4 17. Qxc4 Qb8 18.
d4 Nxe4+ 19. Rxe4 d5 20. Qf1 dxe4 21. Nxe5 Ng6 22. Kg3 c5 23. Nxg6 fxg6 24. Qc4+ Kh7 25. Be3 cxd4 26. Qxd4 Ra5 27. Bf4 Qxb2 28. Qxe4 Qb6 29.
Kh3 Qe6+ 30. g4 Rxf4 31. Qxf4 Qxe5 32. Qf8 Qxc3+ 33. Kh4 Qf6+ 34. Qxf6 gxf6 0-1

[Event "Late-Titled-Tuesday-Blitz-May-14-2024"]
[Site "Chess.com"]
[Date "2024.05.14"]
[Round "9"]
[White "xasid81"]
[Black "Art10ECHR"]
[Result "1-0"]
[WhiteElo "2632"]
[BlackElo "2500"]
[TimeControl "180+1"]
[EndTime "15:42:30 PDT"]
[Termination "xasid81 won by resignation"]

1. Nf3 d5 2. d4 Nf6 3. Bg5 Ne4 4. Bf4 Bf5 5. c3 e6 6. Qb3 Qc8 7. Nbd2 Nxd2 8. Nxd2 Bd6 9. Bxd6 cxd6 10. e3 O-O 11. Qa3 Qd7 12. Be2 Nc6 13. O-O Rfb8 14. Rac1 b5 15. b4 a5 16. Qb2 axb4 17. cxb4 Ra4 18.
a3 Qb7 19. Rc3 Ne7 20. Rfc1 Ra7 21. h4 h6 22. h5 Nc8 23. Nb3 Qa6 24. Na5 Ne7 25.
Qd2 Raa8 26. a4 Qb6 27. Bxb5 Rc8 28. Rxc8+ Rxc8 29. Rxc8+ Nxc8 30. Nc6 Bg4 31. Qd3 Bxh5 32. a5 Qc7 33. Ba4 Bg6 34. Qc3 Na7 35. b5 Nxc6 36. b6 1-0

[Event "Late-Titled-Tuesday-Blitz-May-14-2024"]
[Site "Chess.com"]
[Date "2024.05.14"]
[Round "9"]
[White "LiemLe"]
[Black "artin10862"]
[Result "1-0"]
[WhiteElo "3061"]
[BlackElo "2903"]
[TimeControl "180+1"]
[EndTime "15:42:31 PDT"]
[Termination "LiemLe won by resignation"]

1. c4 e5 2. g3 h5 3. Nf3 e4 4. Nh4 Be7 5. Nc3 Bxh4 6. gxh4 Qxh4 7. d3 Nf6 8. Rg1 Ng4 9. Nxe4 Qxh2 10. Rg2 Qe5 11.
f3 Nf6 12. d4 Qe6 13. d5 Qe7 14. Bg5 d6 15. Bh4 Nbd7 16. Rxg7 Qe5 17. Nxf6+ Nxf6 18. Bf2 Ng4 19. Bd4 Qg3+ 20. Kd2 Qf4+ 21. e3 Qh2+ 22. Be2 Ne5 23. Kc3 Bf5 24. f4 Ng4 25.
Rg5 Bg6 26. Bxh8 Nxe3 27. Qd2 Qxf4 28. Rxg6 fxg6 29. Bd4 Ng2 30. Bd3 O-O-O 31. Qxg2 1-0

[Event "Late-Titled-Tuesday-Blitz-May-14-2024"]
[Site "Chess.com"]
[Date "2024.05.14"]
[Round "9"]
[White "MyDream003"]
[Black "ChristopherYoo"]
[Result "0-1"]
[WhiteElo "2840"]
[BlackElo "3010"]
[TimeControl "180+1"]
[EndTime "15:42:33 PDT"]
[Termination "ChristopherYoo won on time"]

1. e4 e5 2. Nf3 Nc6 3. Bb5 a6 4. Ba4 Nge7 5. O-O Ng6 6. c3 d5 7. exd5 Qxd5 8. Re1 Bg4 9. Bb3 Qd7 10. h3 Be6 11. d4 O-O-O 12. Bxe6 fxe6 13. Bg5 Be7 14. Bxe7 Qxe7 15. Nbd2 exd4 16. Qb3 Nf4 17. Re4 e5 18. Rae1 Nd3 19. R1e2 Nc5 20. Qa3 Nxe4 21. Qxe7 Nxe7 22. Rxe4 dxc3 23. bxc3 Ng6 24. h4 Rhe8 25. g3 Rd3 26. h5 Nf8 27. Kg2 Nd7 28. Nc4 Nf6 29. Rxe5 Rxe5 30.
Ncxe5 Rxc3 31. g4 Nd5 32. Kg3 Ra3 33. g5 Rxa2 34. Nd4 Ne7 35. Ne6 Nf5+ 36. Kf3 a5 37. Nxg7 Nxg7 38. h6 Ne6 39. g6 hxg6 40. Nf7 Nf8 41.
Ng5 a4 0-1

[Event "Late-Titled-Tuesday-Blitz-May-14-2024"]
[Site "Chess.com"]
[Date "2024.05.14"]
[Round "9"]
[White "angelgab3"]
[Black "Mikhail_Bryakin"]
[Result "1-0"]
[WhiteElo "2735"]
[BlackElo "2838"]
[TimeControl "180+1"]
[EndTime "15:42:34 PDT"]
[Termination "angelgab3 won on time"]

1. e4 e6 2. d4 d5 3. Nc3 Be7 4. g3 Nf6 5. Bg2 O-O 6. Nge2 dxe4 7. Nxe4 Nbd7 8. O-O Nxe4 9. Bxe4 Nf6 10. Bg2 c5 11. b3 Qc7 12. Bf4 Bd6 13. dxc5 Bxf4 14. Nxf4 Qxc5 15. c4 Bd7 16. Bxb7 Bc6 17. Bxc6 Qxc6 18. Qe2 Rad8 19. Rad1 h6 20. Rfe1 g5 21. Nh5 Nxh5 22. Qxh5 Kg7 23. h4 Qc5 24. hxg5 hxg5 25. Kg2 Rh8 26.
Qf3 a5 27. Qe4 Kf6 28. Qf3+ Kg7 29. Qe4 Kf6 30. Rd3 Rxd3 31. Qxd3 g4 32. Qc3+ e5 33. Re4 Qc6 34. Qxe5+ Kg6 35. Kg1 f5 36. Qe6+ Qxe6 37. Rxe6+ Kh5 38. Ra6 1-0

[Event "Late-Titled-Tuesday-Blitz-May-14-2024"]
[Site "Chess.com"]
[Date "2024.05.14"]
[Round "9"]
[White "annasargsyan_m"]
[Black "grzechu96"]
[Result "0-1"]
[WhiteElo "2597"]
[BlackElo "2801"]
[TimeControl "180+1"]
[EndTime "15:42:34 PDT"]
[Termination "grzechu96 won by resignation"]

1. e4 c5 2. Nf3 d6 3. Bb5+ Bd7 4.
Bxd7+ Nxd7 5. O-O Ngf6 6. Re1 e6 7. c3 Be7 8. d4 O-O 9. h3 Rc8 10. dxc5 Nxc5 11. e5 dxe5 12. Nxe5 Qxd1 13. Rxd1 Rfd8 14.
Re1 Nd5 15. Nd2 f6 16. Nef3 e5 17. Nb3 Nd3 18. Rf1 Nxc1 19. Raxc1 Nf4 20. Kh2 Nd3 21. Rb1 b6 22. g3 a5 23. a3 a4 24. Nc1 Bc5 25. Nxd3 Rxd3 26. Kg2 e4 27. Nh4 Rd2 28. g4 g6 29. Rbe1 Re8 30. Rd1 Rxb2 31. Rd7 e3 0-1

[Event "Late-Titled-Tuesday-Blitz-May-14-2024"]
[Site "Chess.com"]
[Date "2024.05.14"]
[Round "9"]
[White "dennisodessa"]
[Black "MarceloPlaya"]
[Result "1-0"]
[WhiteElo "2463"]
[BlackElo "2334"]
[TimeControl "180+1"]
[EndTime "15:42:38 PDT"]
[Termination "dennisodessa won on time"]

1. d4 e6 2. c4 Nf6 3. Nc3 Bb4 4. Qc2 O-O 5. Bg5 d5 6. a3 Bxc3+ 7. Qxc3 c6 8. e3 Ne4 9. Bxd8 Nxc3 10. Bh4 Ne4 11. f3 Nd6 12. Be7 Nxc4 13. Bxf8 Kxf8 14. Bxc4 dxc4 15. Ne2 Nd7 16. Nc3 b5 17. a4 b4 18.
Ne4 Ke7 19. Rc1 Nb6 20. a5 Nd5 21. Kf2 f5 22. Nc5 c3 23. bxc3 Nxc3 24. Nd3 Nd5 25. e4 fxe4 26. fxe4 Nf6 27. Rhe1 Rb8 28. Rb1 Rb5 29.
Nxb4 Bd7 30. d5 cxd5 31. exd5 Rxa5 32. dxe6 Rf5+ 33. Kg1 Bxe6 34. Nc6+ Kd6 35. Nxa7 Bd5 36. Nb5+ Kd7 37. Nc3 Bc6 38. Rbd1+ Kc7 39. Rd2 Rg5 40.
Rc1 Kb7 41. Rb2+ Kc7 42. Nd1 Kd7 43. Rd2+ Nd5 44. Ne3 Kd6 45. Nc4+ 1-0

[Event "Late-Titled-Tuesday-Blitz-May-14-2024"]
[Site "Chess.com"]
[Date "2024.05.14"]
[Round "9"]
[White "Flaccidmoves"]
[Black "DonPreuss"]
[Result "0-1"]
[WhiteElo "2425"]
[BlackElo "2266"]
[TimeControl "180+1"]
[EndTime "15:42:42 PDT"]
[Termination "DonPreuss won by resignation"]

1. d4 Nc6 2. Nf3 d6 3. e4 g6 4.
Bc4 Bg7 5. O-O e6 6. Bb3 Nge7 7. c3 O-O 8. Re1 e5 9. d5 Nb8 10. c4 f5 11. c5 f4 12. Nc3 h6 13. Bc4 Nd7 14. b4 Nf6 15. Nxe5 dxe5 16. d6+ Kh8 17. dxe7 Qxe7 18. Bb2 c6 19. Qd6 Qe8 20. Rad1 Bg4 21. f3 Bh5 22. Na4 Nh7 23. Qd7 Qb8 24. Rd6 Nf6 25.
Qe6 Re8 26. Qf7 g5 27. Rxf6 Bxf7 28. Rxf7 Rf8 29. Rd7 Rd8 30. Red1 Rxd7 31. Rxd7 Qe8 32. Rd6 Rd8 33. Nc3 Rxd6 34. cxd6 Qd7 0-1

[Event "Late-Titled-Tuesday-Blitz-May-14-2024"]
[Site "Chess.com"]
[Date "2024.05.14"]
[Round "9"]
[White "ferrufino64"]
[Black "doublesik"]
[Result "0-1"]
[WhiteElo "2336"]
[BlackElo "2552"]
[TimeControl "180+1"]
[EndTime "15:42:48 PDT"]
[Termination "doublesik won by resignation"]

1. e4 e6 2. d4 d5 3. Nc3 Nf6 4. e5 Nfd7 5. f4 c5 6. Nf3 Nc6 7. Be3 a6 8. Be2 b5 9. Qd2 Be7 10. f5 b4 11. fxe6 fxe6 12. Nd1 O-O 13. c3 a5 14. O-O Ba6 15. Bxa6 Rxa6 16. Nf2 a4 17. a3 bxc3 18. bxc3 Na5 19. Qd3 Rb6 20. dxc5 Nxc5 21. Qe2 Nc4 22. Bd4 Rb2 23. Qd1 Nb3 24. Rb1 Bxa3 25.
Rxb2 Bxb2 26. Ng4 Rf4 27. Nf6+ gxf6 28. exf6 e5 29. f7+ Rxf7 30. Bxe5 Ne3 31. Qe1 Nxf1 32.
Qxf1 Qb6+ 33. Kh1 a3 34. Qe1 Qg6 35. Bg3 a2 36. Ne5 a1=Q 0-1

[Event "Late-Titled-Tuesday-Blitz-May-14-2024"]
[Site "Chess.com"]
[Date "2024.05.14"]
[Round "9"]
[White "lluiss"]
[Black "Zq1"]
[Result "0-1"]
[WhiteElo "2231"]
[BlackElo "2576"]
[TimeControl "180+1"]
[EndTime "15:42:49 PDT"]
[Termination "Zq1 won on time"]

1. Nf3 g6 2. d4 Bg7 3. g3 c5 4. c4 cxd4 5. Nxd4 Nc6 6. Nxc6 bxc6 7. Bg2 Nh6 8. O-O Nf5 9. e3 h5 10. h4 Rb8 11. Qc2 Ba6 12. Nd2 O-O 13. Rd1 d5 14.
Qa4 Qb6 15. cxd5 cxd5 16. Nb3 e6 17. Rb1 Rfc8 18. Nd4 Nxd4 19. exd4 Rc4 20. Qb3 Rb4 21. Qe3 Bxd4 22. Qf3 Bxb2 23. Bf4 Rb7 24. Bd2 Rc4 25. Bf1 Rc2 26. Bd3 Bxd3 27. Qxd3 Qc6 28. Be3 Rc7 29. Qf1 Bg7 30. Qg2 a6 31. Qf3 Rc8 0-1

[Event "Late-Titled-Tuesday-Blitz-May-14-2024"]
[Site "Chess.com"]
[Date "2024.05.14"]
[Round "9"]
[White "Seppppppy"]
[Black "wild3000"]
[Result "1-0"]
[WhiteElo "2342"]
[BlackElo "2461"]
[TimeControl "180+1"]
[EndTime "15:42:50 PDT"]
[Termination "Seppppppy won by resignation"]

1. d4 e6 2. c4 Nf6 3. Nc3 b6 4. e4 Bb4 5. Bd3 Bb7 6. f3 d6 7.
Qa4+ Nc6 8. d5 Bxc3+ 9. bxc3 O-O 10. dxc6 Bc8 11. Ne2 a5 12. O-O h6 13. Be3 e5 14. h3 Be6 15. f4 exf4 16. Nxf4 Re8 17. Nd5 Nh5 18. Qd1 Ng3 19. Rf3 Nh5 20. g4 Bxd5 21.
cxd5 Nf6 22. Qc2 Qe7 23. Raf1 Nxe4 24. Bxe4 Qxe4 25. Qxe4 Rxe4 26. Bd4 f6 27. Re3 Rxe3 28. Bxe3 Re8 29. Rf3 Re5 30. c4 Re4 31. Kg2 Rxc4 32. Rf4 Rc3 33. Kf3 Ra3 34. Re4 Kf7 35. Rc4 Rxa2 36. Bxb6 Ra3+ 37. Ke4 Ke7 38. Bxc7 g6 39. Bxd6+ Kd8 40. Bxa3 1-0

[Event "Late-Titled-Tuesday-Blitz-May-14-2024"]
[Site "Chess.com"]
[Date "2024.05.14"]
[Round "9"]
[White "IlyaGrigorjev"]
[Black "TanitoluwaAps116"]
[Result "1-0"]
[WhiteElo "2868"]
[BlackElo "2740"]
[TimeControl "180+1"]
[EndTime "15:42:52 PDT"]
[Termination "IlyaGrigorjev won on time"]

1. c4 e5 2. Nc3 Nc6 3. Nf3 Nf6 4. e3 d5 5. cxd5 Nxd5 6. Bb5 Nxc3 7. bxc3 Bd7 8. d4 Bd6 9. O-O Qe7 10. c4 e4 11.
Nd2 Bb4 12. Nb3 Qg5 13. c5 Bh3 14. g3 Bg4 15. Be2 h5 16. Bb2 Bh3 17. a3 Bxf1 18.
Bxf1 Ba5 19. Bb5 h4 20. Qe2 hxg3 21. fxg3 O-O-O 22. Bxc6 bxc6 23. Nxa5 Rh5 24. Qa6+ Kd7 25. Qxc6+ Ke7 26. Qxc7+ Kf8 27. Qf4 Qg6 28. Rf1 Re8 29.
Nc4 f6 30. Nd6 Rb8 31. Bc3 Rb3 32. Nxe4 Rh3 33. c6 Qf7 34. Qf5 Rh5 35. Qc8+ 1-0

[Event "Late-Titled-Tuesday-Blitz-May-14-2024"]
[Site "Chess.com"]
[Date "2024.05.14"]
[Round "9"]
[White "ChessSwole"]
[Black "OK97"]
[Result "0-1"]
[WhiteElo "2617"]
[BlackElo "2858"]
[TimeControl "180+1"]
[EndTime "15:42:52 PDT"]
[Termination "OK97 won by resignation"]

1. d4 d5 2. Nf3 Nf6 3. c4 c5 4. e3 cxd4 5. exd4 g6 6. Nc3 Bg7 7. Qb3 dxc4 8. Bxc4 O-O 9. O-O Nc6 10. Qa4 Bd7 11.
Qa3 Bg4 12. Ne5 Qxd4 13. Nxc6 bxc6 14. Bb3 Qd6 15. Qa6 Qc7 16. Be3 Bc8 17. Qa4 Ng4 18. Bf4 Be5 19. Bg3 Bxg3 20. hxg3 Bf5 21. Rfe1 Rad8 22. Rad1 Qb6 23. Qf4 e5 24. Qf3 Rxd1 25. Rxd1 Qc7 26. Ne4 Bxe4 27. Qxe4 Nf6 28. Qf3 Kg7 29.
Rc1 e4 30. Qe3 Rd8 31. Qc5 Rd6 32. Ba4 Qe7 33. Bxc6 Rd1+ 34. Kh2 Ng4+ 35. Kh3 Qxc5 36. Rxc5 h5 37. Kh4 Kh6 0-1

[Event "Late-Titled-Tuesday-Blitz-May-14-2024"]
[Site "Chess.com"]
[Date "2024.05.14"]
[Round "9"]
[White "DeArron_Fox"]
[Black "Chessdude1987"]
[Result "1-0"]
[WhiteElo "2554"]
[BlackElo "2383"]
[TimeControl "180+1"]
[EndTime "15:42:53 PDT"]
[Termination "DeArron_Fox won by checkmate"]

1. d4 e6 2. c4 f5 3. g3 Nf6 4. Bg2 Bb4+ 5. Bd2 Qe7 6. Nf3 Bxd2+ 7. Nbxd2 d6 8. O-O e5 9. e4 fxe4 10. dxe5 dxe5 11. Ng5 O-O 12. Ndxe4 Nc6 13. Nxf6+ Qxf6 14. Qh5 h6 15. Bd5+ Kh8 16. Nf7+ Kh7 17. f4 Be6 18. Ng5+ Kh8 19. Nxe6 Rfe8 20. Nxc7 exf4 21. Nxe8 Qd4+ 22. Rf2 Ne5 23. Nd6 Rf8 24. Rf1 fxg3 25. hxg3 Ng4 26. Nf7+ Rxf7 27. Qxf7 Nxf2 28. Qg8# 1-0

[Event "Late-Titled-Tuesday-Blitz-May-14-2024"]
[Site "Chess.com"]
[Date "2024.05.14"]
[Round "9"]
[White "KorolDimitriy75"]
[Black "Oleg_Papayan"]
[Result "0-1"]
[WhiteElo "2409"]
[BlackElo "2612"]
[TimeControl "180+1"]
[EndTime "15:42:54 PDT"]
[Termination "Oleg_Papayan won on time"]

1. d4 d5 2. c4 e6 3. Nc3 Nf6 4. Bg5 dxc4 5. e4 h6 6. Bxf6 Qxf6 7. Nf3 c5 8. e5 Qg6 9. d5 a6 10. a4 Nd7 11. dxe6 Qxe6 12. Nd5 Qc6 13. Bxc4 Nb6 14. Nxb6 Qxb6 15. O-O Be6 16. a5 Qc6 17. Qb3 Bxc4 18. Qxc4 Be7 19. Rfe1 O-O 20. e6 Bf6 21. Re2 fxe6 22. Rxe6 Qb5 23. Qd5 Kh8 24. Rae1 Qxa5 25. h3 Qc7 26. Ne5 Bxe5 27. R1xe5 Rad8 28. Qxc5 Qxc5 29. Rxc5 Rd1+ 30. Kh2 Rxf2 31. Rc7 Rdd2 32. Rg6 Rc2 0-1

[Event "Late-Titled-Tuesday-Blitz-May-14-2024"]
[Site "Chess.com"]
[Date "2024.05.14"]
[Round "9"]
[White "Kira170"]
[Black "chenxiaoyuer"]
[Result "1-0"]
[WhiteElo "2770"]
[BlackElo "2883"]
[TimeControl "180+1"]
[EndTime "15:42:55 PDT"]
[Termination "Kira170 won by checkmate"]

1. d4 Nf6 2. Nf3 g6 3. Bg5 Bg7 4. Nbd2 d5 5. e3 O-O 6. Be2 c5 7. O-O Nc6 8. c3 Qb6 9. Qb3 c4 10. Qxb6 axb6 11. Bxf6 Bxf6 12. e4 e6 13. Rfe1 b5 14. Nf1 dxe4 15. N3d2 e5 16. Nxe4 Bg7 17. d5 Ne7 18. d6 Nf5 19. a4 bxa4 20. Bxc4 Rd8 21.
Rad1 Bd7 22. Ne3 Nxe3 23. Rxe3 Bc6 24. Ng5 Rd7 25. f4 Re8 26. fxe5 Rxe5 27. Rxe5 Bxe5 28. Nxf7 Rxf7 29. d7 Bc7 30. d8=Q+ Bxd8 31. Rxd8+ Kg7 32. Bxf7 Kxf7 33. Kf2 Ke6 34. g3 Ke5 35. Ke3 h5 36. Rf8 g5 37. h4 gxh4 38. gxh4 Bd5 39. Rh8 Bf7 40. Rh7 Kf6 41. Rh8 b5 42. Kd4 Kf5 43. Rf8 Kg6 44. Rxf7 Kxf7 45. Kc5 Kf6 46. Kxb5 Kf5 47.
c4 Kg4 48. c5 a3 49. bxa3 Kxh4 50. c6 Kg3 51. c7 h4 52. c8=Q h3 53. Qxh3+ Kxh3 54. a4 Kg4 55. a5 Kf4 56. a6 Kg5 57. a7 Kf6 58. a8=Q Ke5 59. Qd8 Kf4 60. Qe7 Kf3 61. Qe5 Kg2 62. Qf4 Kh1 63. Qg5 Kh2 64. Kc4 Kh1 65. Kd3 Kh2 66. Ke3 Kh1 67. Kf2 Kh2 68.
Qh5# 1-0

[Event "Late-Titled-Tuesday-Blitz-May-14-2024"]
[Site "Chess.com"]
[Date "2024.05.14"]
[Round "9"]
[White "Dexter_Dyke"]
[Black "Atanejhad"]
[Result "1-0"]
[WhiteElo "2596"]
[BlackElo "2478"]
[TimeControl "180+1"]
[EndTime "15:42:55 PDT"]
[Termination "Dexter_Dyke won by checkmate"]

1. e4 e5 2. f4 d5 3. exd5 exf4 4.
Nf3 Bd6 5. c4 Nf6 6. d4 c5 7.
dxc6 Nxc6 8. Nc3 O-O 9. Be2 Re8 10.
O-O Bg4 11. d5 Ne7 12. Kh1 Ng6 13. Nd4 Bxe2 14. Ncxe2 Ne4 15. Nf5 Be5 16. Nxf4 Qb6 17. Be3 Qxb2 18. Rb1 Qxa2 19. Rxb7 Qxc4 20. Nd3 Bf6 21.
d6 a5 22. Rc7 Qe6 23. d7 Red8 24. Qa4 Nc3 25. Qc6 a4 26. Rc1 Nd5 27. Qxe6 fxe6 28. Rc8 Kf7 29. Rxa8 Rxa8 30. Rc8 Ra7 31. Nd6+ Ke7 32.
d8=Q# 1-0

[Event "Late-Titled-Tuesday-Blitz-May-14-2024"]
[Site "Chess.com"]
[Date "2024.05.14"]
[Round "9"]
[White "Zhigalko_Sergei"]
[Black "Stanbad1"]
[Result "1-0"]
[WhiteElo "2830"]
[BlackElo "2615"]
[TimeControl "180+1"]
[EndTime "15:43:02 PDT"]
[Termination "Zhigalko_Sergei won by checkmate"]

1. e4 e6 2. d4 d5 3. e5 c5 4.
c3 Nc6 5. Nf3 Bd7 6. Be2 Nge7 7.
Na3 cxd4 8. cxd4 Nf5 9. Nc2 Be7 10. O-O O-O 11. Bd3 f6 12. Bxf5 exf5 13. Bf4 g5 14.
exf6 Bxf6 15. Bd6 Re8 16. Re1 Be6 17. Be5 f4 18. h3 Bf5 19. Qd2 Be4 20. Nb4 Rc8 21.
Nxc6 Rxc6 22. Bxf6 Qxf6 23. Ne5 Rce6 24. f3 Bf5 25. Rac1 Qd8 26. Rc5 b6 27. Rc3 h6 28.
Rec1 Qf6 29. Rc7 R6e7 30. R1c6 Qg7 31. Rxe7 Rxe7 32. Qb4 Kh7 33. Qd6 Be6 34. b4 Bg8 35. b5 Re6 36. Qd8 Re7 37. Rg6 Qxg6 38. Nxg6 Re1+ 39. Kf2 Ra1 40. Ne5 Rxa2+ 41. Kg1 Rc2 42. Qe7+ Kh8 43. Ng6# 1-0

[Event "Late-Titled-Tuesday-Blitz-May-14-2024"]
[Site "Chess.com"]
[Date "2024.05.14"]
[Round "9"]
[White "KNVB"]
[Black "WindWhistler11"]
[Result "1-0"]
[WhiteElo "2798"]
[BlackElo "2531"]
[TimeControl "180+1"]
[EndTime "15:43:03 PDT"]
[Termination "KNVB won on time"]

1. d4 Nf6 2. c4 c5 3. d5 e6 4. Nc3 exd5 5. cxd5 Bd6 6. e4 O-O 7. Bd3 Bc7 8. Nf3 d6 9. h3 a6 10. a4 Nbd7 11. O-O Rb8 12. Re1 Re8 13. Bf4 Nf8 14.
Nd2 Ng6 15. Bg3 Ne5 16. Bf1 Bd7 17. Nf3 Ng6 18. e5 dxe5 19. d6 Ba5 20. Nxe5 b5 21.
axb5 Bxc3 22. bxc3 axb5 23. Ra7 Nxe5 24. Rxe5 Re6 25.
Rxc5 Ne4 26. Rcc7 Nxg3 27. Rxd7 Qg5 28. fxg3 1-0

[Event "Late-Titled-Tuesday-Blitz-May-14-2024"]
[Site "Chess.com"]
[Date "2024.05.14"]
[Round "9"]
[White "PapaieDudu"]
[Black "HipsterChess22"]
[Result "1-0"]
[WhiteElo "2358"]
[BlackElo "2193"]
[TimeControl "180+1"]
[EndTime "15:43:03 PDT"]
[Termination "PapaieDudu won on time"]

1. Nf3 d5 2. d4 e6 3. c4 c6 4. Nc3 dxc4 5. a4 Bb4 6. Bd2 a5 7. e4 b5 8. axb5 Bxc3 9. bxc3 cxb5 10. Be2 Bb7 11. Qb1 Qb6 12. Bxc4 Ba6 13. Bd3 Nd7 14. O-O Ne7 15. Rc1 O-O 16. e5 g6 17. Be4 Rac8 18.
Bh6 Rfd8 19. Qd3 Nf5 20. Bxf5 exf5 21. Qe3 Bb7 22. Ng5 Qc6 23. Qh3 Nf8 24. Bxf8 Kxf8 25. Nxh7+ Kg7 26. Nf6 Rh8 27. Qg3 f4 28. Qg5 Rh6 29.
d5 Qc4 30. h3 Rch8 31. Ng4 Qxd5 32. Nxh6 Rxh6 33. Rd1 Qe4 34. Rd4 Qc6 35. Rxf4 Qxc3 36. Qf6+ 1-0